[ AOE2 MATCH · #507847790 ]
UnrankedBulgarians vs Byzantines
Player's team · WIN
[ REPLAY ANALYSIS · EXTRACTED FROM THE RECORDED GAME ]
Feudal
10:45
Castle
22:38
Imperial
—
| APM avg | 64.6 |
| APM peak | 89 |
| eAPM avg | 25.5 |
| Villagers / military | 47 / 29 |
Focus
⚔️ 34.8% · 🌾 65.2%
Skirmisher ×16 · Spearman ×10 · Militia ×3
Feudal
8:38
Castle
—
Imperial
—
| APM avg | 49.7 |
| APM peak | 75 |
| eAPM avg | 22.3 |
| Villagers / military | 63 / 33 |
Focus
⚔️ 34.0% · 🌾 66.0%
Skirmisher ×21 · Archer ×8 · Scout Cavalry ×4
Match map
Initial resources + every placement click. Lines = walls · curves = elevation contours. ◆ gold · ⬟ stone · ● berries · ✦ relic · ◌ wall gap
Your base· ✓ Closed at 22:38 · 54t walls · no gate
Delobuch's base· Open — opponent sealed themselves in
Smoothed initial terrain · ◌ = detected wall gap · hover for details
Inputs per minute
— LVA - 厚塔色 - - Delobuch
Build order — LVA - 厚塔色
First 150 of 151 actions detected
| 0:02 | Queue | Villager (Male) |
| 0:03 | Build | House |
| 0:05 | Build | House |
| 0:07 | Queue | Villager (Male) |
| 0:08 | Queue | Villager (Male) |
| 0:08 | Queue | Villager (Male) |
| 1:29 | Queue | Villager (Male) |
| 1:29 | Queue | Villager (Male) |
| 1:51 | Queue | Villager (Male) |
| 1:59 | Build | Lumber Camp |
| 2:14 | Queue | Villager (Male) |
| 2:14 | Queue | Villager (Male) |
| 2:43 | Queue | Villager (Male) |
| 2:43 | Queue | Villager (Male) |
| 3:10 | Queue | Villager (Male) |
| 3:27 | Queue | Villager (Male) |
| 3:27 | Queue | Villager (Male) |
| 3:27 | Queue | Villager (Male) |
| 3:54 | Build | House |
| 3:58 | Queue | Villager (Male) |
| 3:58 | Queue | Villager (Male) |
| 4:30 | Queue | Villager (Male) |
| 4:33 | Queue | Villager (Male) |
| 4:49 | Build | Barracks |
| 5:03 | Queue | Villager (Male) |
| 5:04 | Queue | Villager (Male) |
| 5:05 | Queue | Villager (Male) |
| 5:23 | Build | House |
| 5:29 | Queue | Villager (Male) |
| 5:48 | Queue | Militia |
| 6:08 | Queue | Militia |
| 6:08 | Queue | Militia |
| 6:11 | Queue | Villager (Male) |
| 6:11 | Queue | Villager (Male) |
| 6:17 | Build | House |
| 6:29 | Build | Mill |
| 6:37 | Queue | Villager (Male) |
| 7:01 | Queue | Villager (Male) |
| 7:11 | Queue | Villager (Male) |
| 7:13 | Build | House |
| 7:14 | Build | Palisade Wall |
| 7:30 | Queue | Villager (Male) |
| 7:53 | Research | Loom |
| 7:53 | Research | Loom |
| 8:28 | Queue | Villager (Male) |
| 8:35 | Research | Feudal Age |
| 8:35 | Research | Feudal Age |
| 8:37 | Build | Palisade Wall |
| 9:15 | Queue | Villager (Male) |
| 9:23 | Build | Mining Camp |
| 9:27 | Build | Palisade Wall |
| 9:39 | Build | Palisade Wall |
| 9:51 | Build | Palisade Wall |
| 10:12 | Build | Palisade Wall |
| 10:45 | Age | Feudal Age |
| 10:57 | Build | Archery Range |
| 10:57 | Queue | Villager (Male) |
| 10:59 | Research | Double-Bit Axe |
| 11:00 | Research | Double-Bit Axe |
| 11:00 | Queue | Villager (Male) |
| 11:13 | Queue | Villager (Male) |
| 11:18 | Build | Palisade Wall |
| 11:21 | Build | Palisade Wall |
| 11:27 | Queue | Villager (Male) |
| 11:39 | Queue | Villager (Male) |
| 11:49 | Queue | Skirmisher |
| 11:50 | Queue | Skirmisher |
| 11:51 | Build | House |
| 12:07 | Queue | Spearman |
| 12:12 | Queue | Skirmisher |
| 12:26 | Build | House |
| 12:30 | Queue | Skirmisher |
| 12:31 | Queue | Villager (Male) |
| 12:31 | Queue | Villager (Male) |
| 12:37 | Queue | Skirmisher |
| 12:39 | Queue | Villager (Male) |
| 12:46 | Queue | Skirmisher |
| 12:47 | Queue | Villager (Male) |
| 13:00 | Queue | Villager (Male) |
| 13:03 | Build | Farm |
| 13:03 | Build | Farm |
| 13:21 | Queue | Skirmisher |
| 13:24 | Build | Lumber Camp |
| 13:34 | Queue | Villager (Male) |
| 13:38 | Build | Palisade Wall |
| 13:56 | Queue | Villager (Male) |
| 14:15 | Queue | Villager (Male) |
| 14:18 | Queue | Skirmisher |
| 14:20 | Build | Blacksmith |
| 14:40 | Build | Farm |
| 14:41 | Build | Farm |
| 14:41 | Build | Farm |
| 14:41 | Build | Farm |
| 14:54 | Queue | Skirmisher |
| 14:57 | Build | Farm |
| 15:19 | Research | Fletching |
| 15:20 | Research | Fletching |
| 15:20 | Queue | Skirmisher |
| 15:37 | Queue | Skirmisher |
| 15:41 | Build | Farm |
| 15:43 | Queue | Villager (Male) |
| 15:50 | Build | House |
| 15:52 | Build | Farm |
| 15:54 | Queue | Skirmisher |
| 16:03 | Build | Farm |
| 16:28 | Build | Farm |
| 16:29 | Build | Farm |
| 16:29 | Build | Farm |
| 16:29 | Build | Farm |
| 16:33 | Research | Horse Collar |
| 16:51 | Queue | Spearman |
| 16:52 | Queue | Spearman |
| 17:05 | Build | Farm |
| 17:18 | Queue | Skirmisher |
| 17:21 | Queue | Spearman |
| 17:28 | Build | Farm |
| 17:30 | Build | Palisade Wall |
| 17:37 | Research | Wheelbarrow |
| 17:44 | Queue | Skirmisher |
| 17:46 | Queue | Spearman |
| 17:53 | Build | Farm |
| 18:29 | Queue | Spearman |
| 18:29 | Queue | Spearman |
| 18:36 | Queue | Villager (Male) |
| 18:57 | Build | Market |
| 18:59 | Research | Town Watch |
| 19:00 | Research | Town Watch |
| 19:00 | Build | House |
| 19:01 | Build | House |
| 19:58 | Research | Castle Age |
| 19:58 | Research | Castle Age |
| 20:03 | Build | Farm |
| 20:09 | Build | House |
| 20:19 | Research | Padded Archer Armor |
| 20:30 | Research | Scale Mail Armor |
| 20:31 | Queue | Spearman |
| 20:32 | Queue | Skirmisher |
| 20:39 | Build | House |
| 20:40 | Build | House |
| 20:45 | Queue | Spearman |
| 20:46 | Queue | Skirmisher |
| 20:57 | Research | Gold Mining |
| 21:19 | Build | House |
| 21:19 | Queue | Spearman |
| 21:34 | Build | House |
| 21:40 | Queue | Villager (Male) |
| 22:02 | Build | House |
| 22:10 | Build | House |
| 22:22 | Build | House |
| 22:38 | Age | Castle Age |
Build order — Delobuch
First 150 of 163 actions detected
| 0:01 | Queue | Villager (Male) |
| 0:01 | Queue | Villager (Male) |
| 0:02 | Build | House |
| 0:03 | Build | House |
| 0:22 | Queue | Villager (Male) |
| 0:22 | Queue | Villager (Male) |
| 1:28 | Queue | Villager (Male) |
| 1:28 | Queue | Villager (Male) |
| 1:55 | Build | Lumber Camp |
| 1:59 | Queue | Villager (Male) |
| 2:00 | Queue | Villager (Male) |
| 2:29 | Queue | Villager (Male) |
| 2:29 | Queue | Villager (Male) |
| 2:51 | Queue | Villager (Male) |
| 2:51 | Queue | Villager (Male) |
| 3:06 | Build | House |
| 3:30 | Queue | Villager (Male) |
| 3:30 | Queue | Villager (Male) |
| 3:56 | Queue | Villager (Male) |
| 3:56 | Queue | Villager (Male) |
| 4:17 | Queue | Villager (Male) |
| 4:17 | Queue | Villager (Male) |
| 4:45 | Queue | Villager (Male) |
| 5:03 | Queue | Villager (Male) |
| 5:04 | Queue | Villager (Male) |
| 5:16 | Queue | Villager (Male) |
| 5:27 | Build | Barracks |
| 5:58 | Research | Loom |
| 6:28 | Research | Feudal Age |
| 6:28 | Research | Feudal Age |
| 7:32 | Build | Lumber Camp |
| 7:48 | Build | Palisade Wall |
| 7:50 | Build | Palisade Wall |
| 7:52 | Build | Palisade Wall |
| 7:53 | Build | Palisade Wall |
| 7:55 | Build | Palisade Wall |
| 7:56 | Build | Palisade Wall |
| 7:58 | Build | Palisade Wall |
| 7:59 | Build | Palisade Wall |
| 8:01 | Build | Palisade Wall |
| 8:14 | Build | Palisade Wall |
| 8:38 | Age | Feudal Age |
| 8:41 | Build | Archery Range |
| 8:42 | Queue | Villager (Male) |
| 8:42 | Queue | Villager (Male) |
| 8:55 | Build | House |
| 8:57 | Queue | Villager (Male) |
| 9:10 | Queue | Villager (Male) |
| 9:26 | Build | Mining Camp |
| 9:32 | Queue | Archer |
| 9:33 | Queue | Archer |
| 9:35 | Queue | Villager (Male) |
| 9:51 | Queue | Skirmisher |
| 9:54 | Build | House |
| 9:58 | Build | Palisade Wall |
| 9:59 | Build | Palisade Wall |
| 10:00 | Build | Palisade Wall |
| 10:06 | Queue | Villager (Male) |
| 10:27 | Queue | Villager (Male) |
| 10:27 | Queue | Villager (Male) |
| 10:51 | Queue | Villager (Male) |
| 10:52 | Queue | Villager (Male) |
| 10:59 | Queue | Skirmisher |
| 11:13 | Queue | Skirmisher |
| 11:16 | Queue | Villager (Male) |
| 11:16 | Queue | Villager (Male) |
| 11:25 | Queue | Villager (Male) |
| 11:26 | Build | House |
| 11:29 | Queue | Villager (Male) |
| 11:32 | Build | Blacksmith |
| 11:38 | Build | Outpost |
| 11:42 | Build | Mill |
| 12:04 | Queue | Archer |
| 12:19 | Research | Fletching |
| 12:31 | Build | House |
| 12:32 | Build | Palisade Wall |
| 12:39 | Queue | Villager (Male) |
| 12:39 | Queue | Villager (Male) |
| 13:06 | Queue | Villager (Male) |
| 13:07 | Queue | Villager (Male) |
| 13:09 | Build | Farm |
| 13:11 | Build | Farm |
| 13:13 | Build | Farm |
| 13:28 | Queue | Skirmisher |
| 14:00 | Queue | Villager (Male) |
| 14:00 | Queue | Villager (Male) |
| 14:02 | Queue | Skirmisher |
| 14:25 | Queue | Villager (Male) |
| 14:39 | Build | Palisade Wall |
| 14:40 | Build | Palisade Wall |
| 14:44 | Queue | Villager (Male) |
| 14:45 | Queue | Skirmisher |
| 14:45 | Queue | Skirmisher |
| 14:56 | Queue | Skirmisher |
| 14:59 | Build | Farm |
| 15:00 | Build | Farm |
| 15:02 | Build | Farm |
| 15:12 | Build | Stable |
| 15:23 | Build | Farm |
| 15:33 | Queue | Skirmisher |
| 15:46 | Queue | Villager (Male) |
| 15:47 | Build | Farm |
| 15:56 | Queue | Scout Cavalry |
| 15:56 | Queue | Scout Cavalry |
| 16:07 | Build | Farm |
| 16:14 | Queue | Villager (Male) |
| 16:14 | Queue | Villager (Male) |
| 16:22 | Queue | Skirmisher |
| 16:46 | Queue | Villager (Male) |
| 16:46 | Queue | Villager (Male) |
| 16:48 | Queue | Archer |
| 16:50 | Queue | Skirmisher |
| 17:02 | Queue | Villager (Male) |
| 17:04 | Build | Farm |
| 17:05 | Build | Farm |
| 17:17 | Build | Farm |
| 17:18 | Build | Farm |
| 17:18 | Build | Farm |
| 17:26 | Queue | Skirmisher |
| 17:30 | Build | House |
| 17:31 | Build | House |
| 17:44 | Queue | Villager (Male) |
| 17:44 | Queue | Villager (Male) |
| 17:53 | Queue | Skirmisher |
| 17:53 | Queue | Skirmisher |
| 18:05 | Research | Padded Archer Armor |
| 18:06 | Research | Padded Archer Armor |
| 18:18 | Queue | Archer |
| 18:34 | Queue | Scout Cavalry |
| 18:34 | Queue | Scout Cavalry |
| 18:51 | Queue | Villager (Male) |
| 18:56 | Build | House |
| 18:59 | Build | House |
| 19:00 | Build | House |
| 19:11 | Build | House |
| 19:15 | Build | Palisade Wall |
| 19:22 | Build | Farm |
| 19:35 | Queue | Archer |
| 19:36 | Queue | Archer |
| 19:36 | Queue | Archer |
| 19:55 | Build | Watch Tower |
| 20:01 | Queue | Skirmisher |
| 20:01 | Queue | Skirmisher |
| 20:14 | Queue | Villager (Male) |
| 20:14 | Queue | Villager (Male) |
| 20:14 | Queue | Villager (Male) |
| 20:15 | Queue | Villager (Male) |
| 20:20 | Build | Palisade Wall |
| 20:52 | Build | Palisade Wall |
| 21:10 | Queue | Villager (Male) |
Match timeline
| 4:49 | LVA - 厚塔色 · first_building Barracks |
| 5:27 | Delobuch · first_building Barracks |
| 7:14 | LVA - 厚塔色 · wall_segment Palisade Wall x4 |
| 7:48 | Delobuch · wall_segment Palisade Wall x1 |
| 7:50 | Delobuch · wall_segment Palisade Wall x1 |
| 7:52 | Delobuch · wall_segment Palisade Wall x1 |
| 7:53 | Delobuch · wall_segment Palisade Wall x1 |
| 7:55 | Delobuch · wall_segment Palisade Wall x1 |
| 7:56 | Delobuch · wall_segment Palisade Wall x1 |
| 7:58 | Delobuch · wall_segment Palisade Wall x1 |
| 7:59 | Delobuch · wall_segment Palisade Wall x1 |
| 8:01 | Delobuch · wall_segment Palisade Wall x1 |
| 8:14 | Delobuch · wall_segment Palisade Wall x1 |
| 8:37 | LVA - 厚塔色 · wall_segment Palisade Wall x5 |
| 8:38 | Delobuch · age_up feudal |
| 8:41 | Delobuch · first_building Archery Range |
| 9:27 | LVA - 厚塔色 · wall_segment Palisade Wall x3 |
| 9:39 | LVA - 厚塔色 · wall_segment Palisade Wall x3 |
| 9:51 | LVA - 厚塔色 · wall_segment Palisade Wall x5 |
| 9:58 | Delobuch · wall_segment Palisade Wall x1 |
| 9:59 | Delobuch · wall_segment Palisade Wall x1 |
| 10:00 | Delobuch · wall_segment Palisade Wall x1 |
| 10:12 | LVA - 厚塔色 · wall_segment Palisade Wall x14 |
| 10:45 | LVA - 厚塔色 · age_up feudal |
| 10:57 | LVA - 厚塔色 · first_building Archery Range |
| 11:18 | LVA - 厚塔色 · wall_segment Palisade Wall x12 |
| 11:21 | LVA - 厚塔色 · wall_segment Palisade Wall x7 |
| 12:32 | Delobuch · wall_segment Palisade Wall x7 |
| 13:38 | LVA - 厚塔色 · wall_segment Palisade Wall x1 |
| 14:39 | Delobuch · wall_segment Palisade Wall x1 |
| 14:40 | Delobuch · wall_segment Palisade Wall x1 |
| 15:12 | Delobuch · first_building Stable |
| 17:30 | LVA - 厚塔色 · wall_segment Palisade Wall x1 |
| 19:15 | Delobuch · wall_segment Palisade Wall x1 |
| 19:50 | LVA - 厚塔色 · first_market_buy 100 food |
| 19:51 | LVA - 厚塔色 · first_market_sell 100 wood |
| 20:20 | Delobuch · wall_segment Palisade Wall x1 |
| 20:52 | Delobuch · wall_segment Palisade Wall x7 |
| 22:38 | LVA - 厚塔色 · age_up castle |
| 22:44 | Delobuch · resign |
[ AI ANALYSIS · 1 CREDIT ]
What really happened in this match?
Wolo.gg analyzes every decision: build order, eco, micro, common mistakes by bracket. Personalized analysis on WhatsApp or Discord in 30 seconds.
Civ guide
Bulgarians
Perfil
Jugador #309389